 Dungeon Crawl Stone Soup version 0.30-a0-272-gf98c3da03f (webtiles) character file.

Game seed: 14283796409269830741

165 Pooter the Chopper (level 5, -4/70 HPs)
             Began as a Minotaur Berserker on Oct 15, 2022.
             Was a Believer of Trog.
             Engulfed by a cloud of flame (12 damage)
             ... on level 2 of the Dungeon.
             The game lasted 00:11:01 (1385 turns).

Pooter the Chopper (Minotaur Berserker)             Turns: 1385, Time: 00:11:02

Health: -4/70      AC: 12    Str: 29    XL:     5   Next: 22%
Magic:  0/4        EV:  8    Int:  4    God:    Trog [**....]
Gold:   91         SH:  0    Dex: 10    Spells: 4/4 levels left

rFire   . . .      SeeInvis .    a - +0 hand axe
rCold   . . .      Faith    .    (no shield)
rNeg    . . .      Spirit   +    e - +0 plate armour
rPois   .          Reflect  .    (helmet restricted)
rElec   .          Harm     .    (no cloak)
rCorr   .          Rampage  .    (no gloves)
Will    +....                    h - +0 pair of boots
Stlth   ..........               G - amulet of guardian spirit
HPRegen 0.31/turn                l - ring of willpower
MPRegen 0.09/turn                p - +6 ring of strength

@: berserking, very quick
A: horns 2, retaliatory headbutt
a: Renounce Religion, Berserk, Trog's Hand


You were on level 2 of the Dungeon.
You worshipped Trog.
Trog was pleased with you.
You visited 1 branch of the dungeon, and saw 2 of its levels.

You collected 232 gold pieces.
You spent 141 gold pieces at shops.

Inventory:

Hand Weapons
 a - a +0 hand axe (weapon)
 b - a +0 sling
   (You found it on level 1 of the Dungeon)
Missiles
 Q - 29 stones (quivered)
Armour
 e - a +0 plate armour (worn)
   (You found it on level 1 of the Dungeon)
 h - a +0 pair of boots (worn)
   (You found it on level 1 of the Dungeon)
Jewellery
 l - a ring of willpower (left hand)
   (You bought it in a shop on level 2 of the Dungeon)
 p - a +6 ring of strength (right hand)
   (You found it on level 2 of the Dungeon)
 G - an amulet of guardian spirit (around neck)
   (You found it on level 1 of the Dungeon)
Wands
 x - a wand of acid (3)
   (You found it on level 2 of the Dungeon)
Scrolls
 c - a scroll of vulnerability {unknown}
 d - a scroll of poison {unknown}
 f - a scroll of silence {unknown}
 k - a scroll of amnesia {unknown}
 n - a scroll of magic mapping {unknown}
 o - a scroll of enchant weapon {unknown}
 q - a scroll of noise {unknown}
 t - a scroll of teleportation {@r4}
Potions
 g - 2 potions of might {unknown}
 i - a potion of ambrosia {unknown}
 j - 2 potions of curing {unknown}
 m - a potion of lignification {unknown}


   Skills:
 + Level 4.6 Fighting
 * Level 5.4 Axes
 * Level 3.1 Ranged Weapons
 - Level 2.4 Armour
 - Level 2.1 Dodging


You had 4 spell levels left.
You didn't know any spells.
Your spell library was empty.

Dungeon Overview and Level Annotations

Branches:
Dungeon (2/15)

Altars:

Shops:
D:2 *


Innate Abilities, Weirdness & Mutations

You have a pair of horns on your head.
You reflexively headbutt those who attack you in melee.


Message History

You now have 55 gold pieces (gained 5).
Your skin stops crawling.
You feel less strong-willed.
You now have 67 gold pieces (gained 12).
You now have 85 gold pieces (gained 18).
You now have 91 gold pieces (gained 6).
You start resting.
You start waiting.
You feel yourself speed up.
You start waiting.
You recover from your berserk rage.
Your skin crawls.
You feel strong-willed.
A red film seems to cover your vision as you go berserk!
You feel yourself moving faster!
You feel mighty!
Really walk into a travel-excluded area?
You feel a strong urge to attack something.
Really walk into that cloud of flame?
You are engulfed in blazing flames.
You feel your anger nearly subside.
You are engulfed in blazing flames.
Really walk into that cloud of flame?
Okay, then.
You are engulfed in blazing flames.
You are no longer berserk.
You are exhausted.
You feel yourself slow down.
You feel the effects of Trog's Hand fading.
You start resting.
Your skin stops crawling.
You feel less strong-willed.
You start resting.
You start resting.
You start waiting.
You feel yourself speed up.
You start waiting.
You recover from your berserk rage.
Really walk into a travel-excluded area?
You are engulfed in blazing flames.
Ouch! That really hurt!
* * * LOW HITPOINT WARNING * * *
A red film seems to cover your vision as you go berserk!
You feel yourself moving faster!
You feel mighty!
You are engulfed in blazing flames.
* * * LOW HITPOINT WARNING * * *
You feel a strong urge to attack something.
You are engulfed in blazing flames.
* * * LOW MAGIC WARNING * * *
* * * LOW HITPOINT WARNING * * *
You are engulfed in blazing flames.
* * * LOW MAGIC WARNING * * *
You die...

##..................
#.†###........#####.
#.## ##...##### #...
#.# #☼☼○# #... #.#
#○§○# ###... #.#
#§°☼# #.....
#.#####...#####..##.
#..°§§.....○°○...###
#..@§§.....§§§.....#
##.☼°○.....°§☼......
######...#####.....
#○°°# #..... #.§§#
#..... #§☼§# #.....
#...#####.....
##.##..[......
#............


There were no monsters in sight!

Vanquished Creatures
  3 jellies (D:2)
  3 adders (D:2)
  A ball python (D:1)
  4 bats
  11 endoplasms
  5 goblins
  3 hobgoblins
  4 jackals (D:1)
  8 kobolds (D:2)
  A frilled lizard (D:1)
  4 rats
47 creatures vanquished.

Vanquished Creatures (others)
  9 fungi (D:2)
  5 toadstools (D:2)
14 creatures vanquished.

Grand Total: 61 creatures vanquished

Notes
Turn   | Place    | Note
-------+----------+-------------------------------------------
     0 | D:1      | Pooter the Minotaur Berserker began the quest for the Orb.
     0 | D:1      | Reached XP level 1. HP: 19/19 MP: 0/0
    77 | D:1      | Reached skill level 4 in Axes
    79 | D:1      | Reached XP level 2. HP: 19/27 MP: 1/1
   253 | D:1      | You fall into a shaft and drop 1 floor!
   282 | D:2      | Reached skill level 1 in Ranged Weapons
   413 | D:1      | Reached XP level 3. HP: 33/33 MP: 2/2
   629 | D:2      | Found Rehacusi's Assorted Antiques.
   656 | D:2      | Bought a copper ring for 120 gold pieces
   697 | D:2      | Reached ** piety under Trog
   727 | D:2      | Bought a glowing sapphire potion for 21 gold pieces
   797 | D:2      | Reached XP level 4. HP: 40/40 MP: 3/3
   800 | D:2      | Reached skill level 5 in Axes
   802 | D:2      | Reached XP level 5. HP: 47/47 MP: 2/4
  1385 | D:2      | Engulfed by a cloud of flame

Illustrated notes

Levels and vault maps discovered:
D:1:      spicycebolla_arrival_xxxplode, layout_basic
D:2:      cheibrodos_fertilizer, layout_basic, serial_shops,
          nicolae_shop_statue_plus, lemuel_flame_loot_1

Skill      XL: |  1  2  3  4  5 |
---------------+----------------+-----
Axes           | 4 5 |  5.4
Ranged Weapons | 1 2 3 |  3.1
Fighting       | 4 |  4.6
Armour         | |  2.4
Dodging        | |  2.1

Action                   |  1- 3 |  4- 6 || total
-------------------------+-------+-------++-------
Melee: Hand axe          |    47 |    17 ||    64
       Headbutt          |     4 |       ||     4
 Fire: Sling             |    33 |     5 ||    38
Invok: Berserk           |     1 |     3 ||     4
       Trog's Hand       |       |     2 ||     2
Evoke: Wand              |     1 |       ||     1
  Use: Scroll            |     1 |       ||     1
Armor: Animal skin       |     2 |       ||     2
       Plate armour      |    38 |    12 ||    50
Dodge: Dodged            |    31 |     6 ||    37

Table legend: (Time is in decaauts)
 A = Elapsed time spent in this place.
 B = Non-inter-level travel time spent in this place.
 C = Inter-level travel time spent in this place.
 D = Time resting spent in this place.
 E = Time spent auto-exploring this place.
 F = Levels seen in this place.
 G = Mean time per level.
                   A        B        C        D        E       F      G
               +--------+--------+--------+--------+--------+-----+--------+
         Total |   1439 |   1426 |     13 |    193 |    839 |   2 |  719.5 |
       Dungeon |   1439 |   1426 |     13 |    193 |    839 |   2 |  719.5 |
               +--------+--------+--------+--------+--------+-----+--------+

Top non-repeatable levels by time:
     D:2: 921 daAuts
     D:1: 517 daAuts
